 Dungeon Crawl Stone Soup version 0.17.1-3-g152610e (webtiles) character file.

59 Gargoyl the Skirmisher (level 3, 0/29 HPs)
             Began as a Demonspawn Abyssal Knight on Mar 21, 2016.
             Was a Follower of Lugonu.
             Slain by a worker ant (6 damage)
             ... on level 3 of the Dungeon.
             The game lasted 00:03:11 (2005 turns).

Gargoyl the Skirmisher (Demonspawn Abyssal Knight)  Turns: 2005, Time: 00:03:11

Health: 0/29       AC:  8    Str: 13    XL:     3   Next: 78%
Magic:  5/5        EV:  6    Int: 13    God:    Lugonu [*.....]
Gold:   105        SH:  7    Dex: 12    Spells: 0 memorised, 2 levels left

rFire  . . .     SeeInvis +     a - +1 hand axe
rCold  + . .     Clarity  .     l - +0 scale mail
rNeg   . . .     SustAt   .     d - +0 shield
rPois  .         Gourm    .     e - +0 helmet
rElec  .         Spirit   .     h - +0 cloak
rCorr  .         Warding  .     (no gloves)
rMut   .         Stasis   .     (no boots)
MR     .....                    u - amulet of faith
Stlth  ..........               s - ring of see invisible
                                (no ring)

@: lethally poisoned (0 -> -9), not resistant to hostile enchantments, extremely
unstealthy
A: cold resistance 1, spiny 1
a: Depart the Abyss, Renounce Religion


You were on level 3 of the Dungeon.
You worshipped Lugonu.
Lugonu was aware of your devotion.
You were hungry.

You visited 1 branch of the dungeon, and saw 3 of its levels.
You visited the Abyss 1 time.

You collected 105 gold pieces.

Inventory:

Hand Weapons
 a - a +1 hand axe (weapon)
Missiles
 j - 8 javelins (quivered)
Armour
 d - a +0 shield (worn)
 e - a +0 helmet (worn)
 h - a +0 cloak (worn)
 l - a +0 scale mail (worn)
Jewellery
 s - a ring of see invisible (right hand)
 u - an amulet of faith (around neck)
Scrolls
 k - 2 scrolls of identify
 o - 3 scrolls of remove curse
 p - a scroll of random uselessness {unknown}
 q - a scroll of teleportation {unknown}
 r - a scroll of recharging {unknown}
 t - a scroll of noise {unknown}
Potions
 b - a potion of invisibility {unknown}
 g - 2 potions of magic {unknown}
 i - a potion of brilliance {unknown}
 m - a potion of cancellation {unknown}
 n - 2 potions of curing
 v - a potion of degeneration {unknown}
Comestibles
 c - 2 bread rations
 f - a royal jelly


   Skills:
 + Level 3.4 Fighting
 + Level 2.0 Axes
 * Level 2.7 Armour
 + Level 1.4 Dodging
 + Level 0.5 Shields
 + Level 2.8 Invocations


You had 2 spell levels left.
You didn't know any spells.

Dungeon Overview and Level Annotations

Branches:
Dungeon (3/15)

Altars:
Nemelex Xobeh


Innate Abilities, Weirdness & Mutations

Your flesh is cold resistant.
You are partially covered in sharp spines.


Message History

You hit the worker ant but do no damage.
The worker ant is heavily wounded.
You block the worker ant's attack.
Drink which item? (? for menu, Esc to quit)
It was a potion of curing.
You feel better.
The worker ant is struck by your spines.
The worker ant bites you.
You are poisoned.
The worker ant poisons you!
You hit the worker ant but do no damage.
The worker ant is severely wounded.
You feel sick. The worker ant barely misses you. The worker ant bites you.
* * * LOW HITPOINT WARNING * * *
You are lethally poisoned!
The worker ant poisons you!
You hit the worker ant.
The worker ant is almost dead.
* * * LOW HITPOINT WARNING * * *
You feel sick. The worker ant bites you.
You die...

......#....# #..)......##
##..........# ####......#
### . ##....##...# ....
##.##..#######.....
...####.. #.## ..#...
.....#.###a########.......
..........@.....#...#.....
####
#.#.....######.....#.....
...# #.#.....##
###......)... .#.#
##.....#..###.....#
...####.........#.....# #.
##........#.###.......##....
#........#.##..............
##............#.....######.
. ##........###...##[# ...


You could see a worker ant.

Vanquished Creatures
  2 adders (D:3)
  An ooze (D:2)
  A worm (D:2)
  A giant gecko (D:2)
  An orc (D:2)
  2 giant cockroaches
  5 goblins
  5 hobgoblins
  4 bats
  A giant newt (D:2)
  4 kobolds
  5 rats
32 creatures vanquished.

Notes
Turn   | Place    | Note
--------------------------------------------------------------
     0 | Abyss:1  | Gargoyl the Demonspawn Abyssal Knight began the quest for the Orb.
     0 | Abyss:1  | Reached XP level 1. HP: 18/18 MP: 2/2
    79 | Abyss:1  | Noticed a golden eye
    79 | D:1      | Escaped the Abyss
   668 | D:1      | Reached skill level 1 in Dodging
   825 | D:1      | Gained mutation: You are partially covered in sharp spines. [demonic ancestry]
   825 | D:1      | Reached XP level 2. HP: 24/24 MP: 3/3
  1070 | D:2      | Reached * piety under Lugonu
  1320 | D:2      | Found a sparkling altar of Nemelex Xobeh.
  1484 | D:2      | Gained mutation: Your flesh is cold resistant. [demonic ancestry]
  1484 | D:2      | Reached XP level 3. HP: 29/29 MP: 5/5
  2005 | D:3      | Slain by a worker ant

Action                   || total
-------------------------++-------
Melee: Hand axe          ||    63
Invok: Depart the Abyss  ||     1
  Use: Scroll            ||     2
       Potion            ||     1
  Eat: Chunk             ||     3
